 Dungeon Crawl Stone Soup version 0.31.0 (webtiles) character file.

Game seed: 3883425850215048390

22 qw the Shooter (level 2, -4/17 HPs)
             Began as a Gargoyle Hunter on Jan 19, 2024.
             Slain by a ribbon worm (6 damage)
             ... on level 2 of the Dungeon.
             The game lasted 00:00:02 (705 turns).

qw the Shooter (Gargoyle Hunter)                     Turns: 705, Time: 00:00:03

Health: -4/17      AC:  6    Str: 14    XL:     2   Next: 91%
Magic:  2/2        EV: 11    Int:  9    God:
Gold:   35         SH:  0    Dex: 13    Spells: 1/1 levels left

rFire   . . .        a - +0 shortbow
rCold   . . .        (shield currently unavailable)
rNeg    + . .        c - +0 leather armour
rPois   inf          k - +0 helmet
rElec   +            (no cloak)
rCorr   .            (no gloves)
SInv    .            (no boots)
Will    .....        (no amulet)
Stlth   +            (no ring)
HPRegen 0.22/turn    (no ring)
MPRegen 0.08/turn

%: no passive effects
@: no status effects
A: sickness immunity, AC +2, negative energy resistance 1, electricity
resistance, torment resistance 1, petrification resistance
a: no special abilities


You were on level 2 of the Dungeon.
You visited 1 branch of the dungeon, and saw 2 of its levels.

You collected 35 gold pieces.


Innate Abilities, Weirdness & Mutations

You are immune to sickness and miasma.
Your stone body is resilient. (AC +2)
You are immune to poison.
You resist negative energy. (rN+)
You are resistant to electric shocks. (rElec)
You are resistant to unholy torment.
You are immune to petrification.


   Skills:
 - Level 2.1 Fighting
 + Level 4.8 Ranged Weapons
 - Level 1.5 Dodging
 - Level 1.1 Stealth


You had one spell level left.
You didn't know any spells.
Your spell library was empty.

Inventory:

Hand Weapons
 a - a +0 shortbow (weapon)
Armour
 c - a +0 leather armour (worn)
 k - a +0 helmet (worn)
Potions
 j - a potion of cancellation {unknown}
 l - a potion of enlightenment {unknown}

Dungeon Overview and Level Annotations

Branches:
Dungeon (2/15)

Altars:


Message History

The ribbon worm is moderately wounded.
The frilled lizard bites you but does no damage.
The ribbon worm expels a string of sticky webbing.
The stream of webbing hits you but does no damage.
You are caught in a web!
The frilled lizard closely misses you.
The ribbon worm bites you but does no damage.
You shoot an arrow.
The arrow barely misses the ribbon worm.
The frilled lizard barely misses you.
The frilled lizard completely misses you.
The ribbon worm barely misses you.
You shoot an arrow.
The arrow hits the ribbon worm but does no damage.
The ribbon worm is lightly wounded.
The frilled lizard closely misses you.
You shoot an arrow.
The arrow hits the ribbon worm but does no damage.
The ribbon worm is lightly wounded.
The ribbon worm bites you. The frilled lizard closely misses you.
You shoot an arrow. The arrow hits the ribbon worm.
The ribbon worm is moderately wounded.
The ribbon worm bites you. The frilled lizard bites you.
You shoot an arrow. The arrow hits the ribbon worm.
The ribbon worm is heavily wounded.
The ribbon worm closely misses you.
The frilled lizard bites you but does no damage.
You shoot an arrow.
The arrow hits the ribbon worm but does no damage.
The ribbon worm is heavily wounded.
The frilled lizard bites you but does no damage.
The ribbon worm expels a string of sticky webbing.
The stream of webbing hits you but does no damage.
You are caught in a web!
The frilled lizard bites you but does no damage.
The ribbon worm closely misses you.
You shoot an arrow. The arrow hits the ribbon worm!
The ribbon worm is severely wounded.
The frilled lizard barely misses you. The ribbon worm bites you.
You die...

..............
.............
............
...........
.......... #
.........
#####.#w.......
>......@l$.....
....###%..#..#.
. ..### ..##
##. ##


You could see a ribbon worm (catching breath) and a frilled lizard.

Vanquished Creatures
  A dart slug (D:1)
  An endoplasm (D:1)
  2 goblins (D:1)
  3 hobgoblins (D:1)
  A quokka (D:1)
  2 ball pythons
  2 bats (D:1)
  3 frilled lizards (D:1)
  2 kobolds (D:1)
  4 rats (D:1)
21 creatures vanquished.

Notes
Turn   | Place    | Note
-------+----------+-------------------------------------------
     0 | D:1      | qw the Gargoyle Hunter began the quest for the Orb.
     0 | D:1      | Reached XP level 1. HP: 12/12 MP: 1/1
     0 | D:1      | 0 ||| qw: Version: 0.3-a-132-g3d54051
     0 | D:1      | 0 ||| qw: Game counter: 138
     0 | D:1      | 0 ||| qw: Melee chars always use a shield: true
     0 | D:1      | 0 ||| qw: God list: Okawaru
     0 | D:1      | 0 ||| qw: Allow faded altars: false
     0 | D:1      | 0 ||| qw: Do Orc after clearing Dungeon:15 true
     0 | D:1      | 0 ||| qw: Do second Lair branch before Depths: true
     0 | D:1      | 0 ||| qw: Lair rune preference: random
     0 | D:1      | 0 ||| qw: Goals: Normal
     0 | D:1      | 0 ||| PLANNING D:1-11
   308 | D:1      | Reached XP level 2. HP: 17/17 MP: 2/2
   644 | D:1      | 644 ||| UPGRADING to +0 helmet.
   649 | D:1      | 649 ||| READING scroll labelled HILANK WACKEEN.
   650 | D:1      | 650 ||| READING 2 scrolls labelled RUCSUILIRO.
   650 | D:1      | 650 ||| IDENTIFYING blue potion
   651 | D:1      | 651 ||| READING scroll of identify.
   651 | D:1      | 651 ||| IDENTIFYING silvery potion
   652 | D:1      | 652 ||| READING scroll labelled OPTEOPTAYRPH.
   657 | D:1      | 657 ||| READING scroll labelled XAPNETHR SIURCH.
   658 | D:1      | 658 ||| DROPPING scroll of butterflies.
   659 | D:1      | 659 ||| DROPPING potion of attraction.
   660 | D:1      | 660 ||| DROPPING potion of ambrosia.
   676 | D:2      | 676 ||| STAIRDANCE
   685 | D:2      | 685 ||| STAIRDANCE
   701 | D:2      | HP: 4/17 [ribbon worm (6)]
   701 | D:2      | HP: 1/17 [frilled lizard (3)]
   705 | D:2      | Slain by a ribbon worm

Levels and vault maps discovered:
D:1:      tarquinn_simple_flora_water_d, layout_basic
D:2:      layout_rooms

Action                     || total
---------------------------++-------
   Fire: Shortbow          ||    62
    Use: Scroll            ||     5
 Armour: Leather armour    ||    21
  Dodge: Dodged            ||    17

Table legend:
 A = Non-vault XP
 B = Vault XP
 C = Vault XP percentage of total XP
 D = Non-vault monster count
 E = Vault monster count
 F = Vault count percentage of total count
                 A         B        C        D         E       F
            +---------+---------+-------+---------+---------+-------
      Total |      32 |       0 |   0.0 |      21 |       0 |   0.0
            +---------+---------+-------+---------+---------+-------
        D:1 |      31 |       0 |   0.0 |      20 |       0 |   0.0
        D:2 |       1 |       0 |   0.0 |       1 |       0 |   0.0
            +---------+---------+-------+---------+---------+-------
